 Dungeon Crawl Stone Soup version 0.27-a0-1123-g2f9bb313c0 (webtiles) character file.

Game seed: 15500166924824990785

812269 zikan the Demonic Aeon (level 27, -2/242 HPs)
             Began as a Demonspawn Fighter on May 2, 2021.
             Was the Champion of Cheibriados.
             Killed from afar by a hellion (17 damage)
             ... with damnation
             ... created by the effects of Hell
             ... on level 7 of Gehenna on May 3, 2021.
             The game lasted 04:50:12 (101121 turns).

zikan the Demonic Aeon (Demonspawn Fighter)       Turns: 101121, Time: 04:50:13

Health: -2/242     AC: 39    Str: 49    XL:     27
Magic:  0/40       EV: 30    Int: 27    God:    Cheibriados [******]
Gold:   4336       SH: 45    Dex: 35    Spells: 26/26 levels left

rFire    + + .     SeeInvis +   m - +2 morningstar (flame)
rCold    + + .     Faith    +   D - +18 shield of the Gong {rElec rN+ Will+ EV-5}
rNeg     + + .     Spirit   +   b - +8 gold dragon scales
rPois    +         Reflect  .   (helmet unavailable)
rElec    +         Harm     .   n - scarf {rC+ rF+}
rCorr    +         Rampage  .   s - +1 pair of gloves of Foolhardiness {rPois rN+ rCorr Str+3}
Will     ++++.                  X - +2 pair of boots of a bailey {Str+3 SInv}
Stlth    ..........             P - amulet of faith
HPRegen  0.50/turn              L - ring of willpower
MPRegen  0.54/turn              T - ring of Xunogol {Str+2 Dex+6}

@: very slow
A: horns 3, large bone plates 3, demonic guardian 3, magic shield, magic
regeneration, magic link, black mark, bedeviling, aura of silence, fangs 1,
poison resistance
}: 5/15 runes: decaying, slimy, silver, abyssal, gossamer
a: Renounce Religion, Bend Time, Temporal Distortion, Slouch, Step From Time


You were on level 7 of Gehenna.
You worshipped Cheibriados.
Cheibriados was exalted by your worship.
You visited 15 branches of the dungeon, and saw 67 of its levels.
You visited the Abyss 1 time.
You also visited: Sewer and Bailey.

You collected 8049 gold pieces.
You spent 3713 gold pieces at shops.

Inventory:

Hand Weapons
 m - a +2 morningstar of flaming (weapon)
 v - the +8 flail "Koroqen" {venom, rF+ Str+4}
   (You found it on level 3 of the Elven Halls)

   It poisons the flesh of those it strikes.
   It affects your strength (+4).
   It protects you from fire.
Missiles
 d - 22 atropa-tipped darts
 g - 1736 stones
 l - 172 poisoned darts (quivered)
 B - 4 throwing nets
 Q - 7 curare-tipped darts
Armour
 b - +8 gold dragon scales (worn)
 n - a scarf of resistance (worn)
 s - the +1 pair of gloves of Foolhardiness (worn) {rPois rN+ rCorr Str+3}
   (You bought it in a shop on level 3 of the Vaults)

   It affects your strength (+3).
   It protects you from poison.
   It protects you from negative energy.
   It protects you from acid and corrosion.
 D - the +18 shield of the Gong (worn) {rElec rN+ Will+ EV-5}
   (You found it on level 11 of the Dungeon)

   It affects your evasion (-5).
   It insulates you from electricity.
   It protects you from negative energy.
   It increases your willpower.
 X - the +2 pair of boots of a bailey (worn) {Str+3 SInv}
   (You found it on level 3 of the Swamp)

   It affects your strength (+3).
   It lets you see invisible.
Jewellery
 a - a ring of willpower
 L - a ring of willpower (left hand)
 P - an amulet of faith (around neck)
 T - the ring of Xunogol (right hand) {Str+2 Dex+6}
   (You took it off a deep elf demonologist on level 3 of the Elven Halls)

   [ring of dexterity]

   It affects your strength (+2).
   It affects your dexterity (+6).
 U - a ring of flight
Wands
 r - a wand of flame (104)
 t - a wand of iceblast (97)
 A - a wand of polymorph (58)
 E - a wand of digging (24)
 I - a wand of paralysis (23)
 M - a wand of mindburst (36)
 O - a wand of acid (37)
Scrolls
 c - a scroll of summoning
 e - 8 scrolls of teleportation
 h - 9 scrolls of magic mapping
 o - 8 scrolls of fog
 q - 8 scrolls of fear
 u - 33 scrolls of identify
 w - 4 scrolls of silence
 C - 4 scrolls of amnesia
 N - 4 scrolls of brand weapon
 V - 3 scrolls of blinking
Potions
 f - a potion of mutation
 i - 8 potions of lignification
 j - 15 potions of heal wounds
 k - 16 potions of curing
 p - 6 potions of ambrosia
 x - 9 potions of magic
 z - 4 potions of flight
 F - 5 potions of invisibility
 G - 8 potions of attraction
 H - 9 potions of cancellation
 K - 8 potions of brilliance
 R - 4 potions of might
Miscellaneous
 y - the horn of Geryon


   Skills:
 + Level 25.3 Fighting
 - Level 16.0 Maces & Flails
 - Level 6.0 Throwing
 + Level 22.2 Armour
 + Level 23.2 Dodging
 - Level 15.0 Shields
 O Level 27 Invocations
 + Level 6.2 Evocations


You had 26 spell levels left.
You didn't know any spells.
Your spell library contained the following spells:

 Spells                   Type           Power      Damage    Failure   Level
 Animate Skeleton         Necr           0%         N/A       41%         1
 Apportation              Tloc           0%         N/A       41%         1
 Corona                   Hex            0%         N/A       41%         1
 Foxfire                  Conj/Fire      0%         2x1d4     41%         1
 Freeze                   Ice            0%         1d3       41%         1
 Magic Dart               Conj           0%         1d3       41%         1
 Pain                     Necr           0%         1d4       41%         1
 Sandblast                Erth           0%         2d4       41%         1
 Shock                    Conj/Air       0%         1d3       41%         1
 Summon Small Mammal      Summ           0%         N/A       41%         1
 Blink                    Tloc           N/A        N/A       56%         2
 Call Imp                 Summ           0%         N/A       56%         2
 Corpse Rot               Necr/Air       N/A        N/A       56%         2
 Ensorcelled Hibernation  Hex/Ice        0%         N/A       56%         2
 Passwall                 Tmut/Erth      0%         N/A       56%         2
 Poisonous Vapours        Pois/Air       0%         N/A       56%         2
 Slow                     Hex            0%         N/A       56%         2
 Static Discharge         Conj/Air       0%         N/A       56%         2
 Sublimation of Blood     Necr           0%         N/A       56%         2
 Confusing Touch          Hex            0%         N/A       80%         3
 Conjure Flame            Conj/Fire      0%         6-21      80%         3
 Dazzling Flash           Conj/Hex       0%         N/A       80%         3
 Frozen Ramparts          Ice            0%         1d2       80%         3
 Ignite Poison            Fire/Tmut/Pois 0%         N/A       80%         3
 Inner Flame              Hex/Fire       0%         N/A       80%         3
 Lesser Beckoning         Tloc           0%         N/A       80%         3
 Mephitic Cloud           Conj/Pois/Air  0%         N/A       80%         3
 Ozocubu's Armour         Ice            0%         N/A       80%         3
 Portal Projectile        Hex/Tloc       0%         N/A       80%         3
 Stone Arrow              Conj/Erth      0%         3d7       80%         3
 Swiftness                Air            0%         N/A       80%         3
 Teleport Other           Tloc           0%         N/A       80%         3
 Tukima's Dance           Hex            0%         N/A       80%         3
 Vampiric Draining        Necr           0%         2d6       80%         3
 Airstrike                Air            0%         N/A       99%         4
 Animate Armour           Summ/Erth      0%         N/A       99%         4
 Cause Fear               Hex            0%         N/A       99%         4
 Hailstorm                Conj/Ice       0%         3d3       99%         4
 Ice Form                 Ice/Tmut       0%         N/A       99%         4
 Leda's Liquefaction      Hex/Erth       0%         N/A       99%         4
 Olgreb's Toxic Radiance  Pois           0%         N/A       99%         4
 Passage of Golubria      Tloc           N/A        N/A       99%         4
 Petrify                  Tmut/Erth      0%         N/A       99%         4
 Sticky Flame             Conj/Fire      0%         2d3       99%         4
 Summon Ice Beast         Ice/Summ       0%         N/A       99%         4
 Summon Lightning Spire   Summ/Air       0%         N/A       99%         4
 Alistair's Intoxication  Tmut/Pois      0%         N/A       100%        5
 Bolt of Magma            Conj/Fire/Erth 0%         4d4       100%        5
 Excruciating Wounds      Necr           0%         N/A       100%        5
 Fireball                 Conj/Fire      0%         3d3       100%        5
 Hydra Form               Tmut           0%         N/A       100%        5
 Irradiate                Conj/Tmut      0%         3d14      100%        5
 Iskenderun's Battlesphe  Conj           0%         2d6       100%        5
 Lee's Rapid Deconstruct  Erth           0%         3d5*      100%        5
 Manifold Assault         Tloc           0%         N/A       100%        5
 Metabolic Englaciation   Hex/Ice        0%         N/A       100%        5
 Summon Forest            Summ/Tloc      0%         N/A       100%        5
 Blade Hands              Tmut           0%         N/A       100%        6
 Conjure Ball Lightning   Conj/Air       0%         3x3d6     100%        6
 Eringya's Noxious Bog    Tmut/Pois      0%         N/A       100%        6
 Freezing Cloud           Conj/Ice/Air   0%         6-21      100%        6
 Invisibility             Hex            0%         N/A       100%        6
 Iron Shot                Conj/Erth      0%         9d1       100%        6
 Simulacrum               Ice/Necr       0%         N/A       100%        6
 Starburst                Conj/Fire      0%         8x6d3     100%        6
 Statue Form              Tmut/Erth      0%         N/A       100%        6
 Dragon Form              Tmut           0%         N/A       100%        7
 Malign Gateway           Summ/Tloc      0%         N/A       100%        7
 Orb of Destruction       Conj           0%         N/A       100%        7
 Ozocubu's Refrigeration  Ice            0%         4d5       100%        7
 Spellforged Servitor     Conj/Summ      0%         N/A       100%        7
 Summon Hydra             Summ           0%         N/A       100%        7
 Disjunction              Tloc           0%         N/A       100%        8
 Ignition                 Fire           0%         3d3       100%        8
 Shatter                  Erth           0%         3d5*      100%        9


Dungeon Overview and Level Annotations

Branches:
Dungeon (15/15)            Temple (1/1) D:6            Lair (6/6) D:10
  Swamp (4/4) Lair:2       Spider (4/4) Lair:3        Slime (5/5) Lair:6
    Orc (2/2) D:12            Elf (3/3) Orc:2        Vaults (5/5) D:13
  Crypt (3/3) Vaults:3       Tomb (1/3) Crypt:3      Depths (5/5) D:15
   Hell (visited)             Dis (0/7) Hell            Geh (7/7) Hell
    Coc (0/7) Hell            Tar (0/7) Hell            Zot (5/5) Depths:5
  Sewer (visited)          Bailey (visited)

Altars:
Ashenzari
Cheibriados
Dithmenos
Elyvilon
Fedhas
Gozag
Hepliaklqana
Kikubaaqudgha
Nemelex Xobeh
Okawaru
Qazlal
Ru
Sif Muna
Trog
Uskayaw
Vehumet
Wu Jian
Xom
Yredelemnul
Zin
The Shining One
Jiyva

Shops:
D:11 [   Orc:1 [   Orc:2 (*[:[   Vaults:1 [   Vaults:3 [*   Vaults:5 ![
Depths:1 *[[[   Depths:3 =:=   Depths:5 *

Portals:
Hell: Depths:1 Depths:2 Depths:3 Depths:4 Depths:5
Abyss: Depths:3 Depths:4
Pandemonium: Depths:1 Depths:2 Depths:3
Ziggurat: Depths:1
Trove: D:11 (give +3 shadow dragon scales)

Annotations:
D:6 2 transporters, Capylives's ghost, novice DjFE
D:7 2 transporters
Lair:3 exclusion: 2 oklob plants
Lair:5 exclusion: ice statue
Swamp:2 exclusion: 2 lightning spires
Spider:4 1 runed translucent door, p0werm0de's ghost, journeyman MiFi
Orc:1 1 runed translucent door, Rutap's ghost, journeyman DgIE
Elf:2 exclusion: orange crystal statue
Depths:1 3 runed translucent doors, Fiylet's ghost, veteran PaDe
Zot:5 3 runed translucent doors, toffzen's ghost, legendary DrBe


Innate Abilities, Weirdness & Mutations

You have a pair of large horns on your head.
You are completely covered in large bone plates. (SH +8)
A powerful demonic guardian rushes to your aid.
When hurt, damage is shared between your health and your magic reserves.
You regenerate magic rapidly.
When low on magic, you restore magic in place of health.
Your melee attacks may debilitate your foes.
Your maledictions are enhanced.
You are surrounded by an aura of silence.
You have very sharp teeth.
Your system is resistant to poisons. (rPois)


Message History

Your Executioner hits the hellion but does no damage.
Your Executioner hits the hellion. Your Executioner hits the hellion!!
The hellion dies!
Cheibriados thoroughly appreciates the change of pace.
The molten gargoyle blasts magma at you!
The bolt of magma hits your Hell Sentinel!
Your Hell Sentinel partially resists.
The molten gargoyle barely misses your Hell Sentinel.
Your Hell Sentinel hits the molten gargoyle!!
Your Hell Sentinel hits the molten gargoyle.
The molten gargoyle is destroyed!
Cheibriados thoroughly appreciates the change of pace.
You sense an ancient evil watching you... 2 hellions, a zombie and a skeleton come into view.
Unknown command.
Unknown command.
You step out of the flow of time.
You return to the normal time flow.
Unknown command.
Unknown command.
You block the snapping turtle skeleton's attack.
BONNNG!
You impale the snapping turtle skeleton!!
You burn the snapping turtle skeleton!
The snapping turtle skeleton looks weaker.
You bite the snapping turtle skeleton, but do no damage.
The snapping turtle skeleton is heavily damaged.
You hit the snapping turtle skeleton. You burn the snapping turtle skeleton.
You headbutt the snapping turtle skeleton.
You bite the snapping turtle skeleton, but do no damage.
The snapping turtle skeleton is heavily damaged.
You block the snapping turtle skeleton's attack.
PANG!
You stick the snapping turtle skeleton like a pincushion!!!
You burn the snapping turtle skeleton.
You destroy the snapping turtle skeleton!
Cheibriados appreciates the change of pace.
The hellion gives a hideous shriek!
The hellion gestures at you.
The sphere of damnation explodes!
The damnation engulfs you!!
You die...

≈§§ ≈≈≈ ..≈.§§.§≈.§≈≈§§
≈≈§
....§..≈..≈§§≈≈≈≈≈≈§..≈§
.§≈
...........§§§≈≈≈≈≈..≈§
...
''..........≈≈≈....≈≈§
...
#.2..............≈≈≈≈
... #.............≈≈≈≈§≈
... #............≈.≈≈≈≈
... #@.............≈≈§
... ##............).≈≈
### ############...≈§
#.§§.§ #..... #.....
#..... #..... #.....


You could see a hellion.

Vanquished Creatures
  Dissolution (Slime:2)
  the Royal Jelly (Slime:5)
  4 ancient liches
  Mara (Crypt:1)
  2 dread liches
  Mennas (Vaults:2)
  8 orbs of fire
  4 royal mummies
  Sojobo (Depths:2)
  Boris (twice) (Depths:4 Crypt:1)
  Frederick (Crypt:3)
  Saint Roka (Crypt:2)
  the Lernaean hydra (Swamp:4)
  4 Killer Klowns
  Margery (Depths:5)
  Geryon (Hell)
  2 caustic shrikes
  Jory (Crypt:1)
  A curse toe (Zot:3)
  17 golden dragons
  4 bone dragons
  Nikola (Elf:1)
  7 Brimstone Fiends
  3 electric golems
  Jorgrun (D:12)
  9 liches
  25 Orb Guardians
  A Hell Sentinel (Geh:3)
  13 tentacled monstrosities
  A titan (Depths:5)
  Asterion (Spider:4)
  5 quicksilver dragons
  3 deep elf blademasters (Elf:2)
  13 acid blobs
  2 ancient champions
  2 deep elf master archers (Elf:2)
  14 sphinxes
  An eldritch tentacle (Depths:1)
  A tentacled starspawn (Abyss:3)
  12 death cobs
  Murray (Hell)
  Kirke (D:12)
  2 thorn hunters
  17 storm dragons
  A revenant (Crypt:2)
  10 tengu reavers
  6 draconian monks
  10 shadow dragons
  5 rockslimes
  6 azure jellies
  4 draconian knights
  14 fire giants
  4 ghost moths
  17 vault wardens
  An iron dragon (Depths:1)
  A ghost moth (shapeshifter) (Depths:4)
  4 deep elf sorcerers
  6 draconian scorchers
  10 frost giants
  3 orc warlords
  Aizul (Lair:2)
  4 emperor scorpions
  An angel (Abyss:3)
  A juggernaut zombie (Hell)
  A caustic shrike zombie (Hell)
  6 draconian stormcallers
  3 draconian shifters
  6 draconian annihilators
  6 ghouls
  6 deep elf elementalists
  24 very ugly things
  13 ironbound preservers
  7 reapers
  4 quicksilver oozes
  9 war gargoyles
  14 stone giants
  A caustic shrike skeleton (Depths:1)
  A juggernaut skeleton (Depths:1)
  10 deep elf demonologists
  8 vampire knights
  11 black draconians
  Nessos (D:12)
  An entropy weaver (shapeshifter) (Vaults:4)
  11 red draconians
  3 entropy weavers
  Azrael (D:12)
  4 deep elf annihilators
  4 dire elephants
  7 bunyips
  2 lorocyprocas (Hell)
  15 purple draconians
  10 green draconians
  4 spark wasps
  8 white draconians
  2 eleionomae (Swamp:1)
  6 mummy priests
  3 yellow draconians
  12 deep elf death magi
  6 jiangshi
  2 green deaths
  7 ettins
  2 shambling mangroves (Swamp:3)
  Snorg (D:11)
  13 fire dragons
  5 crystal guardians
  2 quicksilver dragon zombies
  4 deep elf high priests
  16 yaktaur captains
  A blizzard demon (Hell)
  Harold (D:10)
  7 great orbs of eyes
  4 rakshasas
  Erolcha (Orc:1)
  6 boulder beetles
  Fannar (Orc:1)
  8 ice dragons
  2 quicksilver dragon skeletons
  5 ghost crabs
  A hell beast (Hell)
  5 ironbound thunderhulks
  2 peacekeepers (Vaults:4)
  An ice dragon (shapeshifter) (Vaults:5)
  37 vault guards
  Erica (D:9)
  9 ogre magi
  16 hydras
  3 spriggan air magi
  14 centaur warriors
  12 ironbound frosthearts
  2 death knights
  12 two-headed ogres
  21 dancing weapons
  6 catoblepae
  4 death yaks (Lair:6)
  8 deep troll earth magi
  8 deep troll shamans
  28 hell hogs
  4 vampire magi
  3 spriggan berserkers
  An orc high priest (D:12)
  4 titan zombies
  8 ironbound beastmasters
  10 alligators
  2 thrashing horrors (Abyss:3)
  3 storm dragon zombies
  5 soul eaters (Hell)
  10 tengu warriors
  Urug (Orc:1)
  Sonja (Lair:4)
  20 hell knights
  Nergalle (Orc:1)
  4 sun demons
  32 skeletal warriors
  65 slime creatures
  19 deep elf knights
  8 iron trolls
  3 wretched stars (Abyss:3)
  5 goliath frogs
  A death drake (Depths:1)
  2 golden dragon zombies
  46 deep trolls
  A sea snake (Depths:1)
  A sixfirhy (D:15)
  An anaconda zombie (Geh:5)
  2 storm dragon skeletons
  4 spriggan druids
  A quicksilver dragon simulacrum (Depths:1)
  A salamander mystic (Depths:5)
  2 flayed ghosts
  Pikel (D:7)
  6 lindwurms
  6 phantasmal warriors
  15 deep elf archers
  13 ironbound convokers
  12 swamp dragons
  4 glowing orange brains
  A bunyip skeleton (Crypt:1)
  A sphinx zombie (Hell)
  4 bog bodies
  A harpy (shapeshifter) (D:15)
  3 shadow dragon zombies
  15 wizards
  A wolf spider zombie (Crypt:3)
  3 harpies (Vaults:1)
  12 orc knights
  32 deep elf pyromancers
  A mana viper (Depths:1)
  16 necromancers
  2 golden dragon skeletons
  3 anaconda skeletons
  36 deep elf zephyrmancers
  3 orc sorcerers
  An obsidian statue (Depths:1)
  A goliath frog zombie (Crypt:2)
  20 orb spiders
  A manticore (shapeshifter) (Vaults:5)
  4 fire giant zombies
  A stone giant zombie (Geh:5)
  2 tengu zombies
  A wolf spider (shapeshifter) (Vaults:4)
  3 iron dragon zombies
  3 shadow dragon skeletons
  22 wolf spiders
  7 cyclopes
  2 frost giant zombies
  4 manticores
  3 shining eyes
  42 ugly things
  5 will-o-the-wisps
  A salamander (shapeshifter) (D:14)
  4 salamanders
  3 stone giant skeletons
  2 black mambas
  24 moths of wrath
  A worldbinder (Abyss:1)
  2 dire elephant zombies (Geh:2)
  A guardian serpent (shapeshifter) (Depths:2)
  10 elephants
  2 iron dragon skeletons
  6 molten gargoyles
  3 rust devils
  2 fire giant skeletons
  4 eyes of devastation
  2 naga magi (Depths:1)
  An apocalypse crab (Abyss:3)
  2 frost giant skeletons
  19 vault sentinels
  17 smoke demons
  A storm dragon simulacrum (Depths:1)
  2 gargoyles
  A sea snake zombie (Hell)
  A catoblepas zombie (Crypt:1)
  4 efreet
  2 dire elephant skeletons
  A red draconian zombie (Crypt:1)
  13 demonic crawlers
  10 cane toads
  4 rime drakes
  An elf skeleton (Depths:1)
  13 komodo dragons
  A spriggan zombie (Hell)
  2 emperor scorpion zombies
  A shock serpent skeleton (Geh:7)
  2 hydra zombies
  5 freezing wraiths
  11 hellions
  5 tormentors
  8 tengu conjurers
  24 yaktaurs
  5 guardian mummies (Tomb:1)
  2 hellwings (Abyss:3)
  An anaconda simulacrum (Hell)
  A minotaur skeleton (Crypt:1)
  8 ice devils
  An ancient zyme (Abyss:1)
  2 queen bees
  7 red devils
  12 trolls
  13 tyrant leeches
  20 hornets
  A harpy zombie (Crypt:1)
  A wolf spider simulacrum (Tomb:1)
  A shadow dragon simulacrum (Depths:1)
  11 polar bears
  24 jumping spiders
  Prince Ribbit (D:5)
  8 meliai
  A death drake skeleton (Crypt:2)
  9 blink frogs
  2 harpy skeletons
  2 ice dragon zombies
  A hydra skeleton (Geh:2)
  A raiju (Abyss:2)
  3 ettin zombies
  2 fire dragon zombies
  A meliai zombie (Crypt:2)
  An iron dragon simulacrum (Hell)
  2 alligator zombies
  3 ettin skeletons
  3 fire dragon skeletons
  108 flying skulls
  A centaur simulacrum (D:13)
  2 vampires
  8 shadows
  7 wyverns
  A redback (shapeshifter) (Vaults:1)
  41 yaks
  5 ushabtiu (Tomb:1)
  58 redbacks
  33 tarantellas
  27 wraiths
  2 ice dragon skeletons
  9 water elementals
  3 ynoxinuls
  5 air elementals
  20 humans (D:13)
  A black mamba skeleton (Geh:2)
  7 golden eyes (Slime:5)
  8 spriggans
  3 hogs (D:12)
  7 basilisks
  11 fire elementals
  A steam dragon (D:8)
  2 neqoxecs (Depths:1)
  4 fire bats (Lair:6)
  5 chaos spawn
  Menkaure (D:5)
  10 swamp worms
  5 vampire mosquitoes
  A monstrous demonspawn zombie (Crypt:1)
  10 wargs
  A warg (shapeshifter) (Vaults:5)
  3 acid dragons
  2 hydra simulacra (Hell)
  2 spatial vortices (Depths:1)
  A cane toad zombie (Geh:2)
  26 hell hounds
  Duvessa (D:4)
  13 water moccasins
  3 small abominations (Depths:1)
  25 orc warriors
  A gelid demonspawn skeleton (Crypt:1)
  3 sky beasts
  5 black bears
  A black bear (shapeshifter) (Elf:1)
  4 ice beasts
  10 swamp drakes
  2 alligator simulacra (Hell)
  A fire dragon simulacrum (Crypt:1)
  A snapping turtle zombie (Geh:2)
  A manticore zombie (Geh:1)
  2 swamp dragon zombies
  17 ogres
  An ogre (shapeshifter) (Vaults:4)
  18 necrophages
  18 wolves
  A centaur (shapeshifter) (Vaults:5)
  15 centaurs
  2 snapping turtle skeletons
  4 kobold brigands
  A manticore skeleton (Crypt:1)
  3 phantoms
  A komodo dragon zombie (Crypt:1)
  2 elf zombies
  A fire crab zombie (Crypt:2)
  A rime drake skeleton (Crypt:2)
  10 bullfrogs
  A wyvern zombie (D:8)
  5 earth elementals
  A gnoll sergeant (D:6)
  2 scorpions
  Dowan (D:4)
  A water moccasin skeleton (Crypt:1)
  35 killer bees
  13 wights
  A troll zombie (Geh:7)
  4 howler monkeys
  5 electric eels
  A vampire bat (Lair:5)
  5 crimson imps
  A jelly (D:2)
  4 centaur zombies
  A bullfrog zombie (D:5)
  3 hounds
  12 orc priests
  A bullfrog skeleton (D:7)
  A centaur skeleton (Geh:5)
  A demonspawn zombie (Crypt:2)
  2 gnoll shamans
  3 human skeletons
  10 iguanas
  Ijyb (D:5)
  A scorpion zombie (D:5)
  22 orc wizards
  A dwarf skeleton (Crypt:2)
  A hound zombie (D:5)
  3 mummies (Tomb:1)
  2 howler monkey zombies (D:9)
  A howler monkey skeleton (D:7)
  11 gnolls
  4 adders
  17 white imps
  An ufetubus (D:4)
  An adder skeleton (Crypt:1)
  4 worms
  A worm (shapeshifter) (Vaults:3)
  3 dart slugs
  71 orcs
  8 endoplasms
  4 giant cockroaches
  11 hobgoblins
  8 jackals
  4 quokkas
  8 ball pythons
  17 bats
  7 frilled lizards
  A giant cockroach zombie (Crypt:2)
  8 goblins
  38 kobolds
  2 kobold skeletons
  A kobold zombie (Geh:5)
  6 rats
  A rat zombie (Depths:4)
2756 creatures vanquished.

Vanquished Creatures (collateral kills)
  An orb of fire (Zot:4)
  A golden dragon (Zot:2)
  A bone dragon (Geh:5)
  A titan (Vaults:5)
  Frances (Swamp:2)
  A draconian knight (Zot:3)
  A deep elf sorcerer (Elf:2)
  A quicksilver ooze (Slime:5)
  A very ugly thing (Vaults:2)
  A deep elf annihilator (Elf:2)
  A dire elephant (Vaults:2)
  A bunyip (Swamp:2)
  An eleionoma (Swamp:3)
  A fire dragon (Depths:2)
  3 hydras
  An ice dragon (Depths:3)
  A yaktaur captain (Vaults:3)
  3 dancing weapons (Elf:2)
  An ironbound frostheart (Vaults:1)
  A centaur warrior (D:13)
  A two-headed ogre (D:7)
  A vampire mage (Crypt:1)
  An alligator (Swamp:2)
  2 deep elf knights (Elf:1)
  An iron troll (D:15)
  A deep troll (Vaults:3)
  A necromancer (Vaults:3)
  An ironbound convoker (Vaults:3)
  2 orb spiders (Spider:1)
  A deep elf pyromancer (Depths:3)
  A deep elf zephyrmancer (Elf:2)
  A will-o-the-wisp (Swamp:1)
  2 wolf spiders (Spider:1)
  2 wizards (Depths:3)
  A fire giant skeleton (Geh:4)
  2 smoke demons (Geh:7)
  2 molten gargoyles
  A vault sentinel (Vaults:3)
  A torpor snail (Spider:1)
  A hellion (Geh:7)
  An unseen horror (D:11)
  A tormentor (Geh:5)
  4 yaktaurs (Vaults:1)
  A troll (Orc:2)
  A tyrant leech (Swamp:1)
  A jumping spider (Spider:4)
  A red devil (Geh:5)
  2 redbacks (Spider:4)
  5 flying skulls
  An ettin skeleton (Tomb:1)
  3 ushabtiu (Tomb:1)
  5 yaks
  2 vampire mosquitoes (Swamp:1)
  2 swamp drakes (Swamp:4)
  2 ogres (Orc:2)
  A necrophage (Geh:5)
  2 killer bees
  2 wights (D:8)
  An orc (Orc:2)
88 creatures vanquished.

Vanquished Creatures (others)
  A shadow dragon (Zot:1)
  A vampire knight (Depths:2)
  A red draconian (Zot:3)
  A hell hog (Geh:7)
  A deep elf knight (Elf:2)
  A storm dragon skeleton (Geh:7)
  2 deep elf archers (Elf:2)
  7 wizards
  3 deep elf zephyrmancers
  3 deep elf pyromancers (Elf:2)
  A hornet (Swamp:3)
  4 flying skulls
  2 yaks (D:12)
  A human (D:13)
  4 hogs (D:12)
  A vampire mosquito (D:13)
  An orc (D:12)
  2 ball lightnings (Swamp:2)
  33 foxfires
  32 fungi
  A lurking horror (Abyss:1)
  57 plants
  4 starspawn tentacles (Abyss:3)
  10 toadstools (Swamp:3)
  6 withered plants
180 creatures vanquished.

Grand Total: 3024 creatures vanquished

Notes
Turn   | Place    | Note
-------+----------+-------------------------------------------
     0 | D:1      | zikan the Demonspawn Fighter began the quest for the Orb.
     0 | D:1      | Reached XP level 1. HP: 18/18 MP: 1/1
   351 | D:1      | Gained mutation: You have a pair of small horns on your
                  | head. [demonic ancestry]
   351 | D:1      | Reached XP level 2. HP: 19/24 MP: 2/2
   934 | D:1      | Found a faded altar of an unknown god.
  1001 | D:1      | Gained mutation: You are partially covered in large bone
                  | plates. (SH +4) [demonic ancestry]
  1001 | D:1      | Reached XP level 3. HP: 27/29 MP: 3/3
  1631 | D:2      | Reached skill level 1 in Dodging
  1805 | D:2      | Gained mutation: A weak demonic guardian rushes to your
                  | aid. [demonic ancestry]
  1805 | D:2      | Reached XP level 4. HP: 29/35 MP: 4/4
  2880 | D:3      | Gained mutation: You have a pair of horns on your head.
                  | [demonic ancestry]
  2880 | D:3      | Reached XP level 5. HP: 41/41 MP: 5/5
  4198 | D:3      | Reached XP level 6. HP: 37/48 MP: 6/6
  4649 | D:5      | Entered Level 5 of the Dungeon
  4701 | D:5      | Noticed Duvessa
  4701 | D:5      | Noticed Dowan
  4702 | D:5      | Found a glowing drain.
  4720 | D:4      | Killed Duvessa
  4733 | D:4      | Killed Dowan
  4734 | D:4      | Gained mutation: A demonic guardian rushes to your aid.
                  | [demonic ancestry]
  4734 | D:4      | Reached XP level 7. HP: 26/47 MP: 7/7
  4908 | Sewer    | Entered a sewer
  5930 | D:5      | Noticed Prince Ribbit
  5939 | D:5      | Killed Prince Ribbit
  5940 | D:5      | Reached skill level 5 in Maces & Flails
  5940 | D:5      | Reached XP level 8. HP: 35/61 MP: 8/8
  6290 | D:5      | Noticed Ijyb
  6503 | D:5      | Noticed Menkaure
  6510 | D:5      | Killed Menkaure
  6511 | D:5      | Reached skill level 5 in Fighting
  6717 | D:5      | Found a stormy altar of Qazlal.
  6951 | D:5      | Killed Ijyb
  7041 | D:5      | Found a broken altar of Ashenzari.
  7409 | D:6      | Reached skill level 1 in Throwing
  7665 | D:6      | Reached skill level 5 in Shields
  8043 | D:6      | Found an ornate altar of the Wu Jian Council.
  8089 | D:6      | Reached skill level 5 in Armour
  8100 | D:6      | Found a staircase to the Ecumenical Temple.
  8105 | Temple   | Entered the Ecumenical Temple
  8331 | D:6      | Identified the +1 long sword "Zaymm" {antimagic, rElec rC+
                  | Str-4 Int+4}
  8349 | D:6      | Found a transporter.
  8387 | D:6      | Gained mutation: You are mostly covered in large bone
                  | plates. (SH +6) [demonic ancestry]
  8387 | D:6      | Reached XP level 9. HP: 69/69 MP: 9/9
  8395 | D:6      | Noticed Capylives's ghost (novice DjFE)
  8395 | D:6      | Identified the +4 dire flail of Fuifutet {flame, Dex+6}
  8400 | D:6      | Found a transporter.
  9397 | D:7      | Noticed a two-headed ogre
  9455 | D:7      | Found a transporter.
  9587 | D:7      | Found an opulent altar of Gozag.
  9596 | D:7      | Killed a two-headed ogre
  9798 | D:7      | Noticed a death knight
  9929 | D:7      | Noticed Pikel
  9946 | D:7      | Killed Pikel
  9947 | D:7      | Reached skill level 5 in Dodging
 10065 | D:7      | Reached XP level 10. HP: 77/77 MP: 10/10
 10128 | D:7      | Found a transporter.
 10145 | D:7      | Noticed a deep elf pyromancer
 10589 | D:8      | Found a snail-covered altar of Cheibriados.
 10594 | D:8      | Became a worshipper of Cheibriados the Contemplative
 11061 | D:9      | Reached skill level 1 in Invocations
 11231 | D:9      | Reached skill level 2 in Invocations
 11301 | D:9      | Noticed a two-headed ogre
 11311 | D:9      | Killed a two-headed ogre
 11532 | D:9      | Found a flagged portal.
 11541 | Bailey   | Entered a bailey
 11544 | Bailey   | Noticed an orc knight
 11554 | Bailey   | Noticed an orc knight
 11754 | Bailey   | Reached * piety under Cheibriados
 11759 | Bailey   | Reached skill level 5 in Throwing
 11759 | Bailey   | Reached skill level 3 in Invocations
 11760 | Bailey   | Was placed under penance by Cheibriados
 12164 | D:9      | Identified the ring of Emuafom {*Corrode Fly rElec AC+4
                  | Int+5}
 12184 | D:9      | Was forgiven by Cheibriados
 12253 | D:9      | Found a basalt altar of Yredelemnul.
 12493 | D:9      | Noticed Erica
 12513 | D:9      | Killed Erica
 12514 | D:9      | Gained mutation: You are completely covered in large bone
                  | plates. (SH +8) [demonic ancestry]
 12514 | D:9      | Reached XP level 11. HP: 72/84 MP: 13/13
 12688 | D:10     | Entered Level 10 of the Dungeon
 12963 | D:10     | Reached skill level 4 in Invocations
 12991 | D:10     | Noticed Harold
 13001 | D:10     | Paralysed by Harold for 2 turns
 13019 | D:10     | Killed Harold
 13342 | D:10     | Found a staircase to the Lair.
 13562 | D:10     | Reached skill level 5 in Invocations
 14571 | D:11     | Noticed Snorg
 14595 | Lair:1   | Entered Level 1 of the Lair of Beasts
 14935 | Lair:1   | Reached ** piety under Cheibriados
 14944 | Lair:1   | HP: 3/86 [polar bear (18)]
 15255 | Lair:1   | Reached skill level 6 in Invocations
 15797 | Lair:2   | Reached XP level 12. HP: 84/94 MP: 16/16
 15914 | Lair:2   | Found a staircase to the Swamp.
 16040 | Lair:2   | Reached *** piety under Cheibriados
 16799 | Lair:3   | Reached skill level 7 in Invocations
 16824 | Lair:3   | Noticed a catoblepas
 16838 | Lair:3   | Killed a catoblepas
 16853 | Lair:3   | Reached **** piety under Cheibriados
 17121 | Lair:3   | Found a hole to the Spider Nest.
 18088 | Lair:4   | Reached skill level 8 in Invocations
 18564 | Lair:4   | Noticed Sonja
 18576 | Lair:4   | Killed Sonja
 18923 | Lair:5   | Reached ***** piety under Cheibriados
 18959 | Lair:5   | Gained mutation: A powerful demonic guardian rushes to your
                  | aid. [demonic ancestry]
 18959 | Lair:5   | Reached XP level 13. HP: 98/99 MP: 19/19
 20379 | Lair:6   | Entered Level 6 of the Lair of Beasts
 20449 | Lair:6   | Reached skill level 10 in Maces & Flails
 20560 | Lair:6   | Reached skill level 9 in Invocations
 21409 | Lair:6   | Noticed a fire dragon
 21828 | Lair:6   | Found a staircase to the Slime Pits.
 21829 | Lair:6   | Found a viscous altar of Jiyva.
 22200 | Lair:6   | Reached skill level 10 in Fighting
 23050 | Spider:1 | Entered Level 1 of the Spider Nest
 23785 | D:11     | Killed Snorg
 24032 | D:11     | Found a portal to a secret trove of treasure.
 24290 | D:11     | Found Ogrun's Antique Armour Emporium.
 24494 | D:11     | Found the +18 shield of the Gong {rElec rN+ Will+ EV-5}
 24749 | D:11     | Bought a masterwork plate armour for 980 gold pieces
 24749 | D:11     | Identified the +7 plate armour "Zaurch" {-Cast Fly rElec}
                  | (You bought it in a shop on level 11 of the Dungeon)
 25136 | D:12     | Reached skill level 10 in Invocations
 25136 | D:12     | Gained mutation: You regenerate magic rapidly. [demonic
                  | ancestry]
 25136 | D:12     | Reached XP level 14. HP: 107/110 MP: 19/21
 25252 | D:12     | Noticed Azrael
 25252 | D:12     | Noticed Jorgrun
 25782 | D:12     | Killed Jorgrun
 25798 | D:12     | Noticed Nessos
 25826 | D:12     | Noticed Kirke
 25843 | D:12     | Killed Kirke
 25876 | D:12     | Killed Azrael
 26156 | D:12     | Killed Nessos
 26214 | D:12     | Found a staircase to the Orcish Mines.
 26639 | Orc:1    | Entered Level 1 of the Orcish Mines
 26639 | Orc:1    | Found Taosh's Armour Shoppe.
 26672 | Orc:1    | Paralysed by an orc sorcerer for 5 turns
 26801 | Orc:1    | Noticed Urug
 26807 | Orc:1    | Noticed Nergalle
 26809 | Orc:1    | Killed Urug
 26892 | Orc:1    | Killed Nergalle
 27108 | Orc:1    | Noticed Fannar
 27118 | Orc:1    | Killed Fannar
 27131 | Orc:1    | Noticed Erolcha
 27426 | Orc:1    | Killed Erolcha
 27671 | Orc:1    | Noticed Rutap's ghost (journeyman DgIE)
 27672 | Orc:1    | Found a runed translucent door.
 27828 | Orc:2    | Entered Level 2 of the Orcish Mines
 27853 | Orc:1    | Reached ****** piety under Cheibriados
 27870 | Orc:2    | Found a staircase to the Elven Halls.
 27870 | Orc:2    | Found Wakkesef's Armour Shop.
 28047 | Orc:1    | Reached skill level 10 in Armour
 28047 | Orc:1    | Reached skill level 10 in Shields
 28047 | Orc:1    | Reached skill level 11 in Invocations
 28425 | Orc:2    | Paralysed by an orc sorcerer for 5 turns
 28694 | Orc:2    | Gained mutation: Your maledictions are enhanced. [demonic
                  | ancestry]
 28694 | Orc:2    | Reached XP level 15. HP: 101/118 MP: 20/23
 28943 | Orc:2    | Found Ligian's Book Boutique.
 28944 | Orc:2    | Found Akyadgh's Antique Armour Emporium.
 28950 | Orc:2    | Found Gepef's Antique Weapon Emporium.
 28960 | Orc:2    | Found Popometept's Assorted Antiques.
 28969 | Orc:2    | Bought a wand of iceblast (10) for 148 gold pieces
 28969 | Orc:2    | Bought a scroll labelled SYNALU SYRADA for 37 gold pieces
 29585 | Lair:3   | Killed a ghost moth
 29586 | Lair:3   | Reached skill level 10 in Dodging
 31789 | Spider:2 | Upgraded the game from 0.27-a0-1119-gbf574a6a6b to
                  | 0.27-a0-1123-g2f9bb313c0
 31955 | Spider:2 | HP: 5/119 [poisoned by a redback]
 32638 | Spider:3 | Reached skill level 12 in Invocations
 33690 | Spider:4 | Entered Level 4 of the Spider Nest
 34020 | Spider:4 | Noticed Asterion
 34043 | Spider:4 | Killed Asterion
 34263 | Spider:4 | Reached XP level 16. HP: 127/127 MP: 25/25
 35989 | Spider:4 | Found a runed translucent door.
 35989 | Spider:4 | Noticed p0werm0de's ghost (journeyman MiFi)
 36245 | Spider:4 | Got a gossamer rune of Zot
 36708 | D:13     | Reached skill level 13 in Invocations
 37285 | D:13     | Found a gate to the Vaults.
 37470 | D:13     | Noticed a storm dragon
 37480 | D:13     | Killed a storm dragon
 38423 | D:14     | Found a bloodstained altar of Trog.
 38463 | D:14     | Reached XP level 17. HP: 135/135 MP: 27/27
 38944 | D:14     | Found a hide-covered altar of Uskayaw.
 39609 | D:15     | Entered Level 15 of the Dungeon
 40439 | D:15     | Found the +3 giant club "Skullcrusher" {speed, Str+7}
 40621 | D:15     | Found a staircase to the Depths.
 40900 | Elf:1    | Entered Level 1 of the Elven Halls
 40918 | Orc:2    | Reached skill level 14 in Invocations
 41469 | Swamp:1  | Entered Level 1 of the Swamp
 41517 | Swamp:1  | Noticed Aizul
 41679 | Lair:2   | Killed Aizul
 43645 | Swamp:2  | Noticed Frances
 43658 | Swamp:2  | Reached skill level 15 in Maces & Flails
 43742 | Swamp:2  | Killed Frances
 44583 | Swamp:3  | Reached XP level 18. HP: 113/143 MP: 28/28
 45710 | Swamp:3  | Identified the +2 pair of boots of a bailey {Str+3 SInv}
 45914 | Swamp:3  | Identified a scroll of acquirement
 45915 | Swamp:3  | Acquired a manual of Dodging
 45918 | Swamp:4  | Entered Level 4 of the Swamp
 46142 | Swamp:4  | Noticed the 27-headed Lernaean hydra
 47154 | Swamp:3  | Reached skill level 15 in Invocations
 48005 | Swamp:4  | Killed the 27-headed Lernaean hydra
 48529 | Swamp:4  | Got a decaying rune of Zot
 48996 | Depths:1 | Entered Level 1 of the Depths
 51744 | Elf:1    | Reached XP level 19. HP: 135/151 MP: 30/30
 51792 | Elf:2    | Noticed Nikola
 51910 | Elf:1    | Killed Nikola
 52712 | Elf:2    | Found a huge runed translucent gate.
 52712 | Elf:2    | Found a huge runed translucent gate.
 52722 | Elf:2    | Found a huge runed translucent gate.
 52900 | Elf:2    | Found a huge runed translucent gate.
 52900 | Elf:2    | Found a huge runed translucent gate.
 54009 | Elf:2    | Reached skill level 16 in Invocations
 54271 | Elf:3    | Entered Level 3 of the Elven Halls
 54475 | Elf:3    | Identified the +8 flail "Koroqen" {venom, rF+ Str+4}
 55105 | Elf:3    | Identified the +3 plate armour of Time Monsters {+Inv
                  | Int+3}
 55493 | Elf:3    | Identified the +7 great sword of Innocence {chaos, rN++
                  | Dex-5}
 55498 | Elf:3    | Identified the ring of Xunogol {Str+2 Dex+6}
 56409 | Elf:3    | Identified the +5 great sword of Ziudes {pain, rPois}
 56410 | Elf:3    | Noticed a Tzitzimitl
 57043 | Elf:2    | Noticed a Brimstone Fiend
 57204 | Elf:3    | Identified the +3 fustibalus "Plog" {venom, Fragile rPois
                  | rC++ rCorr}
 57209 | Elf:3    | Identified the Reference Book on Displaced Creation
 57249 | Elf:3    | Identified the +6 hunting sling of Hubris {vorpal, Int+3
                  | Dex+3}
 57417 | Vaults:1 | Entered Level 1 of the Vaults
 57448 | Vaults:1 | Reached XP level 20. HP: 154/160 MP: 32/32
 58776 | Vaults:1 | Found Xyuh's Antique Armour Emporium.
 58784 | Vaults:1 | Bought a pair of distressingly furry gloves for 313 gold
                  | pieces
 58784 | Vaults:1 | Identified the +1 pair of gloves of a Labyrinth {rPois
                  | Regen+ Str-3} (You bought it in a shop on level 1 of the
                  | Vaults)
 59214 | Vaults:2 | Reached skill level 17 in Invocations
 59258 | Vaults:2 | Reached skill level 15 in Dodging
 59272 | Vaults:2 | Reached skill level 15 in Fighting
 59354 | Vaults:2 | Reached skill level 15 in Shields
 59356 | Vaults:2 | Noticed Mennas
 59432 | Vaults:2 | Killed Mennas
 60531 | Vaults:3 | Gained mutation: You have a pair of large horns on your
                  | head. [demonic ancestry]
 60531 | Vaults:3 | Reached XP level 21. HP: 169/169 MP: 33/33
 60669 | Vaults:3 | Found Terosm's General Store.
 60734 | Vaults:3 | Reached skill level 18 in Invocations
 60755 | Vaults:3 | Noticed a dread lich
 60782 | Vaults:3 | Killed a dread lich
 60857 | Vaults:3 | Bought a ring of resist corrosion for 340 gold pieces
 61437 | Vaults:3 | Found a staircase to the Crypt.
 61759 | Vaults:3 | Found Sefyroa's Armour Boutique.
 61767 | Vaults:3 | Bought the +1 pair of gloves of Foolhardiness {rPois rN+
                  | rCorr Str+3} for 478 gold pieces
 62287 | Vaults:4 | Reached skill level 15 in Armour
 62494 | Vaults:4 | Reached skill level 19 in Invocations
 64467 | Vaults:5 | Entered Level 5 of the Vaults
 64977 | Vaults:5 | Noticed a golden dragon
 64988 | Vaults:4 | Killed a golden dragon
 64989 | Vaults:4 | Gained mutation: When hurt, damage is shared between your
                  | health and your magic reserves. [demonic ancestry]
 64989 | Vaults:4 | Reached XP level 22. HP: 162/179 MP: 27/35
 65068 | Vaults:5 | Noticed a dread lich
 65069 | Vaults:5 | Noticed an ancient lich
 65592 | Vaults:4 | Reached skill level 20 in Invocations
 65746 | Vaults:4 | Killed a dread lich
 65841 | Vaults:5 | Noticed an ancient lich
 66663 | Depths:1 | Found a gateway to Hell.
 66672 | Depths:1 | Found a one-way gate leading to the halls of Pandemonium.
 66697 | Depths:1 | Found a gateway to a ziggurat.
 67174 | Depths:1 | Identified the Incunabulum of Earth
 67278 | Depths:1 | Identified Kibec's Disquisition on Poisoning
 67601 | Depths:1 | Found Ameciu's Antique Armour Boutique.
 67604 | Depths:1 | Found Zyroih's Armour Boutique.
 67604 | Depths:1 | Found Heoxij's General Store.
 67607 | Depths:1 | Found Alawiw's Antique Armour Shop.
 67618 | Depths:1 | Acquired an amulet of regeneration
 67665 | Depths:1 | Paralysed by a Zot trap for 2 turns
 67696 | Depths:1 | Found a runed translucent gate.
 67696 | Depths:1 | Found a runed translucent gate.
 67697 | Depths:1 | Found a runed translucent gate.
 67698 | Depths:1 | Noticed Fiylet's ghost (veteran PaDe)
 67883 | Depths:1 | Identified the Reference Book on Black Rites
 68118 | Depths:1 | Reached skill level 21 in Invocations
 68132 | Depths:1 | Identified the Almanac of the Voyage
 68354 | Depths:1 | Identified the Papyrus of Feathers and the Traveller
 68905 | Depths:2 | Noticed Sojobo
 68926 | Depths:2 | Killed Sojobo
 68997 | Depths:2 | Noticed a caustic shrike
 69008 | Depths:2 | Killed a caustic shrike
 69021 | Depths:2 | Gained mutation: Your melee attacks may debilitate your
                  | foes. [demonic ancestry]
 69021 | Depths:2 | Reached XP level 23. HP: 187/187 MP: 37/37
 69702 | Depths:2 | Identified the +2 scale mail of the Morning {Harm}
 70012 | Depths:2 | Reached skill level 22 in Invocations
 70805 | Depths:3 | Identified the +2 pair of boots of Objectivity {rElec
                  | Will+}
 71571 | Depths:3 | Found Dufum's Jewellery Shoppe.
 71571 | Depths:3 | Found Ciasm's Book Shop.
 71572 | Depths:3 | Found Divuxing's Jewellery Shoppe.
 71578 | Depths:3 | Bought an amulet of faith for 560 gold pieces
 71683 | Depths:3 | Found a one-way gate to the infinite horrors of the Abyss.
 72125 | Depths:4 | Found a shadowy altar of Dithmenos.
 72606 | Depths:4 | Noticed a caustic shrike
 72616 | Depths:4 | Killed a caustic shrike
 72666 | Depths:4 | Reached skill level 23 in Invocations
 72673 | Depths:4 | Noticed Boris
 72680 | Depths:4 | Killed Boris
 72992 | Depths:4 | Identified the +9 quarterstaff "Demonslayer" {pain, *Noise
                  | rElec rF+ Str+2}
 73004 | Depths:4 | Gained mutation: You are surrounded by an aura of silence.
                  | [demonic ancestry]
 73004 | Depths:4 | Reached XP level 24. HP: 197/197 MP: 38/38
 73506 | Depths:4 | Found an ancient bone altar of Kikubaaqudgha.
 73523 | Depths:5 | Entered Level 5 of the Depths
 73826 | Depths:5 | Noticed Margery
 74157 | Depths:5 | Killed Margery
 74267 | Depths:5 | Gained mutation: When low on magic, you restore magic in
                  | place of health. [demonic ancestry]
 74267 | Depths:5 | Reached XP level 25. HP: 206/206 MP: 38/38
 74284 | Depths:5 | Found Pysaumenn's Elemental Accessories.
 74487 | Depths:5 | Found a gate to the Realm of Zot.
 74675 | Depths:5 | Reached skill level 24 in Invocations
 76429 | Vaults:4 | Killed an ancient lich
 76479 | Vaults:4 | Killed an ancient lich
 77251 | Vaults:5 | Reached skill level 25 in Invocations
 77529 | Vaults:5 | Identified the Reference Book on the Displaced Mountains
 77538 | Vaults:5 | Reached XP level 26. HP: 215/215 MP: 39/39
 77819 | Vaults:5 | Found Asyokhlin's Antique Armour Shop.
 77828 | Vaults:5 | Bought a pair of heavily runed gloves for 313 gold pieces
 77828 | Vaults:5 | Identified the +2 pair of gloves of Gravitas {Rampage rPois
                  | Dex-5 Stlth+} (You bought it in a shop on level 5 of the
                  | Vaults)
 77832 | Vaults:5 | Got a silver rune of Zot
 77837 | Vaults:5 | Found Gotwimiu's Distillery.
 77841 | Vaults:5 | Bought 2 potions of invisibility for 272 gold pieces
 78518 | Zot:1    | Entered Level 1 of the Realm of Zot
 79909 | Zot:2    | Identified the +2 hand axe of the Chopping Viper {venom,
                  | rPois rF+ rC+ Int-3}
 79944 | Zot:2    | Reached skill level 26 in Invocations
 81598 | Zot:3    | Reached XP level 27. HP: 118/224 MP: 40/40
 81948 | Zot:3    | Reached skill level 27 in Invocations
 83845 | Zot:5    | Entered Level 5 of the Realm of Zot
 84134 | Zot:5    | Found a runed translucent gate.
 84135 | Zot:5    | Found a runed translucent gate.
 84136 | Zot:5    | Found a runed translucent gate.
 84138 | Zot:5    | Noticed toffzen's ghost (legendary DrBe)
 84611 | Zot:5    | Noticed an orb of fire
 84611 | Zot:5    | Noticed an orb of fire
 84611 | Zot:5    | Noticed an orb of fire
 84613 | Zot:5    | Noticed an orb of fire
 84614 | Zot:5    | Noticed an orb of fire
 84641 | Zot:5    | Noticed an orb of fire
 84644 | Zot:5    | Gained mutation: You are weak. (Str -2) [an orb of fire]
 84645 | Zot:5    | Noticed an orb of fire
 84645 | Zot:5    | Gained mutation: Armour fits poorly on your strangely
                  | shaped body. [an orb of fire]
 84653 | Zot:4    | Killed an orb of fire
 84834 | Zot:5    | Gained mutation: Your body sometimes deteriorates upon
                  | taking damage. [an orb of fire]
 84842 | Zot:4    | Killed an orb of fire
 84897 | Zot:5    | Gained mutation: You are dopey. (Int -2) [an orb of fire]
 84906 | Zot:4    | Gained mutation: You are occasionally teleported next to
                  | monsters. [an orb of fire]
 84921 | Zot:4    | Gained mutation: You have large cloven feet. [an orb of
                  | fire]
 84925 | Zot:4    | Killed an orb of fire
 85097 | Zot:5    | Noticed an ancient lich
 85120 | Zot:4    | Lost mutation: You are dopey. (Int -2) [an orb of fire]
 85126 | Zot:4    | Killed an orb of fire
 85258 | Zot:4    | Gained mutation: You tend to lose your temper in combat.
                  | [an orb of fire]
 85259 | Zot:4    | Killed an orb of fire
 85374 | Zot:5    | Gained mutation: You sometimes lose the ability to read
                  | scrolls when taking damage. [an orb of fire]
 85392 | Zot:5    | Gained mutation: You are frail. (-10% HP) [an orb of fire]
 85395 | Zot:5    | Gained mutation: You are very weak. (Str -4) [an orb of
                  | fire]
 85398 | Zot:5    | Gained mutation: Your spells are a little easier to cast,
                  | but a little less powerful. [an orb of fire]
 85399 | Zot:5    | Killed an orb of fire
 85408 | Zot:5    | Killed an ancient lich
 85472 | Zot:5    | Gained mutation: You do not regenerate when monsters are
                  | visible. [an orb of fire]
 85481 | Zot:5    | Gained mutation: You are clumsy. (Dex -2) [an orb of fire]
 85483 | Zot:5    | Killed an orb of fire
 85642 | Zot:5    | Noticed an orb of fire
 85644 | Zot:5    | Gained mutation: Your magical capacity is low. (-10% MP)
                  | [an orb of fire]
 85645 | Zot:5    | Gained mutation: You often lose your temper in combat. [an
                  | orb of fire]
 85647 | Zot:5    | Noticed an orb of fire
 85654 | Zot:5    | Gained mutation: You are dopey. (Int -2) [an orb of fire]
 85660 | Zot:5    | Gained mutation: You are very dopey. (Int -4) [an orb of
                  | fire]
 85668 | Zot:5    | Killed an orb of fire
 86208 | Zot:5    | Gained mutation: Potions are less effective at restoring
                  | your health. [an orb of fire]
 86209 | Zot:5    | Gained mutation: Your magical capacity is very low. (-20%
                  | MP) [an orb of fire]
 86210 | Zot:5    | Lost mutation: You are frail. (-10% HP) [an orb of fire]
 86226 | Zot:5    | Killed an orb of fire
 87147 | Zot:5    | Found a runed translucent gate.
 87147 | Zot:5    | Found a runed translucent gate.
 87147 | Zot:5    | Found a runed translucent gate.
 88489 | Zot:5    | Lost mutation: Your magical capacity is very low. (-20% MP)
                  | [potion of mutation]
 88489 | Zot:5    | Lost mutation: Your body sometimes deteriorates upon taking
                  | damage. [potion of mutation]
 88489 | Zot:5    | Lost mutation: You are very weak. (Str -4) [potion of
                  | mutation]
 88490 | Zot:5    | Lost mutation: Potions are less effective at restoring your
                  | health. [potion of mutation]
 88490 | Zot:5    | Lost mutation: You are clumsy. (Dex -2) [potion of
                  | mutation]
 88490 | Zot:5    | Lost mutation: You often lose your temper in combat.
                  | [potion of mutation]
 88490 | Zot:5    | Lost mutation: Your magical capacity is low. (-10% MP)
                  | [potion of mutation]
 88490 | Zot:5    | Gained mutation: You are strong-willed. (Will+) [potion of
                  | mutation]
 88490 | Zot:5    | Gained mutation: Your spells are easier to cast, but less
                  | powerful. [potion of mutation]
 88490 | Zot:5    | Gained mutation: You are resistant to electric shocks.
                  | (rElec) [potion of mutation]
 88491 | Zot:5    | Lost mutation: You are weak. (Str -2) [potion of mutation]
 88491 | Zot:5    | Lost mutation: You are strong-willed. (Will+) [potion of
                  | mutation]
 88491 | Zot:5    | Lost mutation: You are very dopey. (Int -4) [potion of
                  | mutation]
 88491 | Zot:5    | Lost mutation: You tend to lose your temper in combat.
                  | [potion of mutation]
 88491 | Zot:5    | Lost mutation: You sometimes lose the ability to read
                  | scrolls when taking damage. [potion of mutation]
 88491 | Zot:5    | Gained mutation: Your flesh is heat resistant. (rF+)
                  | [potion of mutation]
 88492 | Zot:5    | Lost mutation: Armour fits poorly on your strangely shaped
                  | body. [potion of mutation]
 88492 | Zot:5    | Lost mutation: Your flesh is heat resistant. (rF+) [potion
                  | of mutation]
 88492 | Zot:5    | Lost mutation: Your spells are easier to cast, but less
                  | powerful. [potion of mutation]
 88492 | Zot:5    | Gained mutation: You possess an exceptional clarity of
                  | mind. [potion of mutation]
 88492 | Zot:5    | Lost mutation: Your spells are a little easier to cast, but
                  | a little less powerful. [potion of mutation]
 88492 | Zot:5    | Gained mutation: Your system is resistant to poisons.
                  | (rPois) [potion of mutation]
 88493 | Zot:5    | Lost mutation: You are occasionally teleported next to
                  | monsters. [potion of mutation]
 88493 | Zot:5    | Lost mutation: You are dopey. (Int -2) [potion of mutation]
 88493 | Zot:5    | Gained mutation: You are frail. (-10% HP) [potion of
                  | mutation]
 88493 | Zot:5    | Gained mutation: You have a somewhat thin skeletal
                  | structure. (Dex +2, Stealth+) [potion of mutation]
 88493 | Zot:5    | Gained mutation: Your mind is acute. (Int +2) [potion of
                  | mutation]
 88494 | Zot:5    | Lost mutation: You possess an exceptional clarity of mind.
                  | [potion of mutation]
 88494 | Zot:5    | Lost mutation: You are frail. (-10% HP) [potion of
                  | mutation]
 88494 | Zot:5    | Gained mutation: Your flesh is cold resistant. (rC+)
                  | [potion of mutation]
 88494 | Zot:5    | Gained mutation: You have very sharp teeth. [potion of
                  | mutation]
 88495 | Zot:5    | Lost mutation: You have a somewhat thin skeletal structure.
                  | (Dex +2, Stealth+) [potion of mutation]
 88495 | Zot:5    | Lost mutation: Your mind is acute. (Int +2) [potion of
                  | mutation]
 88495 | Zot:5    | Lost mutation: Your flesh is cold resistant. (rC+) [potion
                  | of mutation]
 88495 | Zot:5    | Gained mutation: Your muscles are strong. (Str +2) [potion
                  | of mutation]
 88495 | Zot:5    | Gained mutation: Your muscles are very strong. (Str +4)
                  | [potion of mutation]
 88496 | Zot:5    | Lost mutation: You have large cloven feet. [potion of
                  | mutation]
 88496 | Zot:5    | Lost mutation: Your muscles are very strong. (Str +4)
                  | [potion of mutation]
 88496 | Zot:5    | Lost mutation: You are resistant to electric shocks.
                  | (rElec) [potion of mutation]
 88496 | Zot:5    | Lost mutation: You do not regenerate when monsters are
                  | visible. [potion of mutation]
 88496 | Zot:5    | Gained mutation: You are covered in fur. (AC +1) [potion of
                  | mutation]
 88914 | Vaults:5 | Bought a potion of mutation for 136 gold pieces
 88914 | Vaults:5 | Bought a potion of mutation for 136 gold pieces
 89271 | Slime:1  | Entered Level 1 of the Pits of Slime
 89351 | Slime:2  | Noticed Dissolution
 89358 | Slime:2  | Killed Dissolution
 89602 | Slime:4  | Gained mutation: Armour fits poorly on your strangely
                  | shaped body. [a shining eye]
 89604 | Slime:4  | Gained mutation: You are frail. (-10% HP) [a shining eye]
 89621 | Slime:5  | Entered Level 5 of the Pits of Slime
 89753 | Slime:5  | Found the +8 storm bow {elec, penet}
 89769 | Slime:5  | Noticed the Royal Jelly
 89770 | Slime:5  | Found a viscous altar of Jiyva.
 89771 | Slime:5  | Found the +7 captain's cutlass {speed, disarm}
 89798 | Slime:5  | Killed the Royal Jelly
 90207 | Slime:5  | Got a slimy rune of Zot
 90329 | Slime:5  | Identified Sif Muna's Almanac of Cloudy Execration
 90378 | Slime:5  | Gained mutation: You occasionally shout uncontrollably at
                  | your foes. [a shining eye]
 90410 | Slime:5  | Gained mutation: You are very frail. (-20% HP) [a shining
                  | eye]
 90759 | Slime:5  | Lost mutation: Your system is resistant to poisons. (rPois)
                  | [potion of mutation]
 90759 | Slime:5  | Lost mutation: You are very frail. (-20% HP) [potion of
                  | mutation]
 90759 | Slime:5  | Lost mutation: You are frail. (-10% HP) [potion of
                  | mutation]
 90759 | Slime:5  | Lost mutation: You are covered in fur. (AC +1) [potion of
                  | mutation]
 90759 | Slime:5  | Gained mutation: You have large cloven feet. [potion of
                  | mutation]
 91239 | Crypt:1  | Entered Level 1 of the Crypt
 91415 | Crypt:1  | Noticed Boris
 91432 | Crypt:1  | Killed Boris
 91459 | Crypt:1  | Noticed Jory
 91473 | Crypt:1  | Killed Jory
 91732 | Crypt:1  | Noticed a royal mummy
 91752 | Crypt:1  | Killed a royal mummy
 91792 | Crypt:1  | Noticed a royal mummy
 91798 | Crypt:1  | Noticed a royal mummy
 91811 | Crypt:1  | Killed a royal mummy
 91818 | Crypt:1  | Killed a royal mummy
 92088 | Crypt:1  | Found the +7 sceptre of Torment {pain, torment}
 92256 | Crypt:1  | Noticed Mara
 92259 | Crypt:1  | Noticed zikan's illusion
 92277 | Crypt:1  | Noticed zikan's illusion
 92288 | Crypt:1  | Killed Mara
 92482 | Crypt:2  | Noticed Saint Roka
 92500 | Crypt:2  | Killed Saint Roka
 92766 | Crypt:2  | Lost mutation: You occasionally shout uncontrollably at
                  | your foes. [potion of mutation]
 92766 | Crypt:2  | Lost mutation: Your muscles are strong. (Str +2) [potion of
                  | mutation]
 92766 | Crypt:2  | Lost mutation: You have large cloven feet. [potion of
                  | mutation]
 92766 | Crypt:2  | Lost mutation: Armour fits poorly on your strangely shaped
                  | body. [potion of mutation]
 92766 | Crypt:2  | Gained mutation: Your system is resistant to poisons.
                  | (rPois) [potion of mutation]
 93803 | Crypt:3  | Entered Level 3 of the Crypt
 94013 | Crypt:3  | Noticed Frederick
 94023 | Crypt:3  | Killed Frederick
 94108 | Crypt:3  | Found a basalt altar of Yredelemnul.
 94108 | Crypt:3  | Noticed an ancient lich
 94113 | Crypt:3  | Killed an ancient lich
 94149 | Crypt:3  | Found the necklace of Bloodlust {*Rage +Rage Will++ Int-3
                  | Slay+6}
 94708 | Crypt:3  | Found a staircase to the Tomb.
 94898 | Crypt:3  | Identified the +8 chain mail of Tised {rF+ rC+ Int+3}
 94960 | Tomb:1   | Entered Level 1 of the Tomb of the Ancients
 95875 | Tomb:1   | Noticed a royal mummy
 95907 | Tomb:1   | HP: 11/238 [poison (dark miasma)]
 95918 | Tomb:1   | Killed a royal mummy
 96668 | Depths:3 | Voluntarily entered the Abyss.
 96968 | Abyss:2  | Identified the +5 spear "Zaxesmax" {speed, +Rage Dex+2}
 97004 | Abyss:2  | Found a corrupted altar of Lugonu.
 97249 | Abyss:3  | Got an abyssal rune of Zot
 97340 | Depths:3 | Escaped the Abyss
 97371 | Hell     | Entered the Vestibule of Hell
 97373 | Hell     | Noticed Geryon
 97488 | Hell     | Killed Geryon
 97787 | Hell     | Found a gateway to the decaying netherworld of Tartarus.
 97853 | Hell     | Found a gateway to the freezing wastes of Cocytus.
 97875 | Hell     | Reached skill level 1 in Evocations
 97949 | Hell     | Noticed Murray
 97973 | Hell     | Killed Murray
 98214 | Hell     | Found a gateway to the Iron City of Dis.
 98389 | Hell     | Found a gateway to the ashen valley of Gehenna.
 98528 | Geh:1    | Entered Level 1 of Gehenna
100345 | Geh:5    | Reached skill level 5 in Evocations
100606 | Geh:7    | Entered Level 7 of Gehenna
101107 | Geh:7    | HP: 12/242 [hellion/damnation (16)]
101121 | Geh:7    | Killed from afar by a hellion

Illustrated notes

Levels and vault maps discovered:
D:1:      dpeg_arrival_circle_labyrinth_c, layout_loops_ring,
          basic_ecumenical_altar, serial_park_tiny_1
D:2:      layout_basic, roderic_lattice_a, minmay_hexomino_c4
D:3:      minmay_octagon_keep, layout_basic
D:4:      layout_rooms, nicolae_overflow_hidden_temple, serial_corexii_hall,
          corexii_hall_statues_i, corexii_hall_statues_s,
          corexii_hall_statues_x, nicolae_underground_beach
D:5:      layout_gridville, kennysheep_little_box, kennysheep_mini,
          cheibrodos_sewer_entry_bend, uniq_prince_ribbit1, uniq_ijyb,
          uniq_duvessa, uniq_menkaure
D:6:      layout_cave_pods, zin_statuary, lemuel_round_altar,
          minmay_temple_entry_arrows, gammafunk_ghost_smash
D:7:      layout_rooms, gammafunk_temple_overflow_arena,
          ebering_dispersal_statue_hall, uniq_pikel
D:8:      layout_basic, lemuel_doored_altar, st_stairs_14
D:9:      layout_irregular_city, yredelemnul_altar_generic, enter_bailey_2,
          uniq_erica
D:10:     layout_roguey, minmay_lair_entry_grove, abandoned_shop, uniq_harold
D:11:     layout_basic, serial_shops, shop_statue, enter_trove_5, uniq_snorg
D:12:     layout_roguey, erik_orc_4, st_stairs_1, uniq_azrael, uniq_nessos,
          uniq_kirke, uniq_jorgrun
D:13:     regret_index_combs_of_tragedy, layout_loops_ring,
          grunt_vaults_entry_tiered
D:14:     statuecave_lemuel, layout_loops_ring, nicolae_uskayaw_en_pointe,
          bloody_trog
D:15:     grunt_enter_depths_snipers, layout_gridville, serial_rivers,
          chequers_serial_rivers_small_a, chequers_serial_rivers_room_a,
          chequers_serial_rivers_small_a, chequers_serial_rivers_large_b,
          minmay_guarded_unrand_skullcrusher
Temple:   eino_temple_lava
Lair:1:   beast_lair_carwin_large_2, layout_gridlike
Lair:2:   layout_hall_layers, minmay_swamp_entry_worms
Lair:3:   layout_regular_city, dummy_spider_entry, grunt_megastairs_4,
          infiniplex_staircase_pool_2, minmay_lair_oklob_chamber
Lair:4:   layout_loops_ring, nicolae_quartered_pool_little, uniq_sonja
Lair:5:   layout_cave_pods, roderic_batcave, minivault_19, ice2_lemuel,
          serial_bayou_shore_a, grunt_megastairs_3
Lair:6:   guppyfry_lair_end_dragon, layout_gridlike, slime_altar_1,
          grunt_forest_small_clearings
Swamp:1:  layout_falls_marsh, evilmike_swamp_ruin_house_5,
          nicolae_swamp_soggy_hallways, uniq_aizul
Swamp:2:  layout_basic_swamp, evilmike_swamp_ruin_house_6, swamp_pool4,
          hangedman_swamp_phenomena, infiniplex_staircase_pool, uniq_frances
Swamp:3:  cheibrodos_swamp_tower_of_moss, layout_basic_swamp,
          nicolae_swamp_dense_foliage
Swamp:4:  swamp_old_school, layout_basic_swamp
Spider:1: layout_spider_delve
Spider:2: layout_spider_delve
Spider:3: layout_chambers, nicolae_spider_webbed_stairs
Spider:4: spider_rune_water, gammafunk_ghost_grave, uniq_asterion
Slime:1:  layout_caves, nicolae_slime_phagocytosis
Slime:2:  layout_caves, uniq_dissolution
Slime:3:  layout_caves, basic_altar, cheibrodos_slime_lost_civilization_5
Slime:4:  layout_caves
Slime:5
Orc:1:    layout_caves, portal_ice_cave_entry_imps, serial_shops, shop,
          ebering_ghost_inner_flame, uniq_urug, uniq_erolcha, uniq_nergalle,
          uniq_fannar
Orc:2:    st_orc_open, layout_caves, serial_shops, shop
Elf:1:    layout_rooms, mu_enter_wizlab_6, minmay_elf_crystal_hexagon
Elf:2:    layout_rooms, minivault_16, uniq_nikola
Elf:3:    elf_hall, layout_loops_ring, minivault_4
Vaults:1: hangedman_vaults_river_flow, v_misc_17, nicolae_vaults_an_arrangement,
          ontoclasm_vaults_ring_square, layout_vaults_omnigrid, serial_shops,
          nicolae_shop_statue_plus
Vaults:2: vaults_room_pools, nicolae_vaults_sealed_display, vaults_room_pools,
          v_pattern_5, st_spiral_rooms, vaults_dpeg_doors, v_rooms_1,
          nicolae_vaults_big_ls, ontoclasm_vaults_tryst, v_rooms_4,
          ontoclasm_vaults_idyll, hangedman_vaults_capsules,
          nicolae_vaults_little_squares_5, hangedman_vaults_impose,
          layout_vaults_omnibox, uniq_mennas
Vaults:3: dpeg_vaults_monster_box, minmay_crypt_entry_nasty_monster,
          vaults_room_semicircle, nicolae_vaults_little_ls,
          nicolae_vaults_three_branches, ontoclasm_vaults_bender,
          hangedman_vaults_unwind, v_misc_23, layout_vaults_omnicross,
          serial_shops, nicolae_shop_trees
Vaults:4: vaults_standard_mumra_x, vaults_room_corners, ontoclasm_vaults_chip,
          hangedman_vaults_stitches, nicolae_vaults_network_square,
          vaults_dpeg_cross, hangedman_vaults_slice, layout_vaults_chaotic_city
Vaults:5: serial_shops
Crypt:1:  minmay_guarded_unrand_sceptre_of_torment, layout_regular_city,
          st_stairs_9, serial_sigils_hangedman_confine, uniq_jory, uniq_mara
Crypt:2:  layout_catacombs, uniq_saint_roka
Crypt:3:  cryptofortress_bobbens, uniq_frederick
Tomb:1
Depths:1: layout_gridlike, enter_ziggurat_e, serial_hangedman_research,
          hangedman_research_toxicology, hangedman_research_quantum,
          hangedman_research_geology, hangedman_research_thanatology,
          hell_entry, pan_entry, gammafunk_ghost_tricky_traps,
          hangedman_devilish_allure, minmay_shoptagon
Depths:2: thingy_vault, layout_basic, abandoned_shop, hangedman_geh_valley,
          rand_demon_pan_entry_5, serial_bayou_shore_b, serial_bayou_shore_b,
          infiniplex_staircase_zigzag_4, grunt_megastairs_2, uniq_sojobo
Depths:3: minmay_tri_stars, layout_long_grid, hangedman_abyss_entry_splay,
          minmay_strange_pillars, pf_coc_iceberg, pan_entry, minmay_shop_grove,
          serial_bayou_shore_b, infiniplex_staircase_diamond
Depths:4: minmay_the_grid_octo_tiled_octocenter [minmay_the_grid_octo_focus,
          minmay_the_grid_octo_chip, minmay_the_grid_octo_clover_2,
          minmay_the_grid_octo_toaster, minmay_the_grid_octo_prize_big_c,
          minmay_the_grid_square_5x5_shrine2,
          minmay_the_grid_square_5x5_intrusive_squares,
          minmay_the_grid_square_5x5_fancy_junction,
          minmay_the_grid_square_5x5_corner], layout_twisted_cross, abyss_entry,
          hell_entry, grunt_dithmenos_smoke_and_mirrors,
          lemuel_zombie_altar_kikubaaqudgha, uniq_boris
Depths:5: grunt_zot_entry_gee_three, layout_basic, hellmouth_1,
          nicolae_elemental_shop, drop_trap, uniq_margery
Hell
Geh:1:    layout_gehenna_pools_basic
Geh:2:    layout_gehenna_lava_caves
Geh:3:    layout_gehenna_pools_basic, lemuel_hellion_isle
Geh:4:    layout_gehenna_pools_box, nicolae_geh_lava_in_the_way
Geh:5:    layout_gehenna_pools_triple
Geh:6:    layout_gehenna_pools_triple, special_room [special_room_morgue],
          evilmike_ambush [evilmike_ambush_outer_basic,
          evilmike_ambush_inner_basic]
Geh:7:    geh_grunt
Zot:1:    layout_concentric_octagons
Zot:2:    layout_gridlike, st_stairs_10
Zot:3:    layout_cellular_growth
Zot:4:    layout_misc_corridors
Zot:5:    layout_cathedral_of_symmetry, gammafunk_ghost_necromancy,
          grunt_ministairs_10

Skill      XL: |  1  2  3  4  5  6  7  8  9 10 11 12 13 14 15 16 17 18 19 20 21 22 23 24 25 26 27 |
---------------+----------------------------------------------------------------------------------+-----
Maces & Flails | 2 3 4 5 6 7 8 9 10 12 13 14 15 16 | 16.0
Dodging        | 1 2 3 4 5 6 7 8 9 10 11 12 13 14 15 17 18 19 23 | 23.2
Armour         | 3 4 5 6 7 8 9 10 11 12 13 14 15 16 17 18 22 | 22.2
Shields        | 3 4 5 6 7 8 9 10 11 12 14 15 | 15.0
Fighting       | 4 5 6 7 8 9 10 11 12 13 14 15 16 17 18 19 20 25 | 25.3
Throwing       | 1 3 5 6 |  6.0
Invocations    | 3 6 8 10 11 12 13 14 15 16 17 19 21 23 25 26 27 | 27.0
Evocations     | 6 |  6.2

Action                   |  1- 3 |  4- 6 |  7- 9 | 10-12 | 13-15 | 16-18 | 19-21 | 22-24 | 25-27 || total
-------------------------+-------+-------+-------+-------+-------+-------+-------+-------+-------++-------
Melee: Flail             |   127 |   187 |       |       |       |       |  1310 |  1092 |  1976 ||  4692
       Headbutt          |    16 |    34 |    78 |   264 |   427 |   582 |   698 |   566 |  1516 ||  4181
       Morningstar       |       |    24 |   342 |   714 |  1020 |  1543 |   288 |   181 |  1701 ||  5813
       Unarmed           |       |       |     6 |       |       |       |       |       |       ||     6
       Short sword       |       |       |     5 |    18 |       |       |       |       |       ||    23
       Scimitar          |       |       |       |       |    22 |       |       |       |       ||    22
       Bite              |       |       |       |       |       |       |       |       |   479 ||   479
       Kick              |       |       |       |       |       |       |       |       |   178 ||   178
Throw: Dart              |     4 |    45 |    38 |    57 |    93 |    13 |     3 |     1 |     3 ||   257
       Javelin           |       |       |       |    10 |       |       |       |       |       ||    10
Invok: Bend Time         |       |       |       |     6 |     2 |     2 |     2 |     4 |       ||    16
       Slouch            |       |       |       |       |     3 |     2 |     1 |       |       ||     6
       Temporal Distorti |       |       |       |       |     4 |     9 |     6 |     4 |     1 ||    24
       Step From Time    |       |       |       |       |     1 |     4 |     4 |     2 |    11 ||    22
Evoke: Wand              |       |       |     7 |     9 |     6 |    21 |    11 |     1 |     1 ||    56
       Horn of Geryon    |       |       |       |       |       |       |       |       |     1 ||     1
  Use: Scroll            |       |     7 |     9 |     8 |    15 |    12 |     1 |     4 |    12 ||    68
       Potion            |       |       |     1 |     2 |     7 |     7 |     4 |     1 |    16 ||    38
 Stab: Paralysed         |       |       |       |     2 |       |       |       |       |       ||     2
       Distracted        |       |       |       |       |     1 |     2 |     1 |     2 |    12 ||    18
       Petrified         |       |       |       |       |       |     2 |       |       |       ||     2
       Confused          |       |       |       |       |       |     3 |       |       |       ||     3
       Petrifying        |       |       |       |       |       |     1 |       |       |       ||     1
Armor: Scale mail        |    59 |    50 |       |       |       |       |       |       |       ||   109
       Plate armour      |       |    53 |   239 |   381 |   304 |   179 |   238 |   294 |    42 ||  1730
       Skin              |       |       |     7 |       |       |       |       |       |       ||     7
       Chain mail        |       |       |       |       |   111 |   292 |       |       |       ||   403
       Gold dragon scale |       |       |       |       |       |       |       |       |   538 ||   538
Dodge: Dodged            |    44 |    45 |    58 |   254 |   385 |   360 |   364 |   604 |  1646 ||  3760
Block: Kite shield       |    87 |   147 |   347 |  1021 |  2075 |  2524 |  2320 |  2131 |  6237 || 16889
       Reflection        |       |       |       |     3 |     4 |       |       |       |       ||     7
       Rpst.: Scimitar   |       |       |       |       |     2 |       |       |       |       ||     2

Table legend: (Time is in decaauts)
 A = Elapsed time spent in this place.
 B = Non-inter-level travel time spent in this place.
 C = Inter-level travel time spent in this place.
 D = Time resting spent in this place.
 E = Time spent auto-exploring this place.
 F = Levels seen in this place.
 G = Mean time per level.
                   A        B        C        D        E       F      G
               +--------+--------+--------+--------+--------+-----+--------+
         Total | 140325 | 127292 |  13033 |   9668 |  93275 |  72 | 1949.0 |
       Dungeon |  29681 |  26188 |   3493 |   1228 |  19782 |  15 | 1978.7 |
        Temple |     84 |     75 |      9 |      0 |     56 |   1 |   84.0 |
          Lair |  14918 |  12978 |   1940 |   1695 |   9594 |   6 | 2486.3 |
         Swamp |   9283 |   8296 |    987 |   1249 |   5872 |   4 | 2320.8 |
   Spider Nest |  10786 |  10199 |    587 |    565 |   7903 |   4 | 2696.5 |
    Slime Pits |   2107 |   1984 |    123 |    506 |   1020 |   5 |  421.4 |
  Orcish Mines |   4111 |   3837 |    274 |    103 |   2714 |   2 | 2055.5 |
   Elven Halls |   8827 |   8497 |    330 |    947 |   5745 |   3 | 2942.3 |
        Vaults |  17642 |  14869 |   2773 |    508 |  11423 |   5 | 3528.4 |
         Crypt |   6346 |   5955 |    391 |      0 |   4944 |   3 | 2115.3 |
          Tomb |   1814 |   1814 |      0 |    819 |    398 |   1 | 1814.0 |
        Depths |  13865 |  12401 |   1464 |    500 |   9566 |   5 | 2773.0 |
          Hell |   1683 |   1639 |     44 |      0 |   1250 |   1 | 1683.0 |
       Gehenna |   2463 |   2321 |    142 |    159 |    920 |   7 |  351.9 |
           Zot |  14754 |  14283 |    471 |   1196 |  10843 |   5 | 2950.8 |
         Abyss |    919 |    919 |      0 |      0 |    710 |   3 |  306.3 |
         Sewer |    791 |    791 |      0 |      0 |    531 |   1 |  791.0 |
        Bailey |    242 |    242 |      0 |    190 |      0 |   1 |  242.0 |
               +--------+--------+--------+--------+--------+-----+--------+

Top non-repeatable levels by time:
   Zot:5: 6481 daAuts
Vaults:4: 6065 daAuts
   Elf:2: 5003 daAuts
Vaults:1: 3937 daAuts
  Lair:6: 3802 daAuts
Spider:4: 3733 daAuts
    D:13: 3628 daAuts
 Swamp:3: 3595 daAuts
Depths:1: 3355 daAuts
    D:15: 3224 daAuts
    D:12: 3210 daAuts
Depths:2: 3114 daAuts
Vaults:3: 2892 daAuts
    D:11: 2845 daAuts
Spider:3: 2700 daAuts
